Workbook
Name \0: #REF!
Name \00: #REF!
Name \a: #REF!
Name \AA: #REF!
Name \b: #REF!
Name \bb: #REF!
Name \E: #REF!
Name \EE: #REF!
Name \G: #REF!
Name \k: #REF!
Name \l: #REF!
Name \M: #REF!
Name \ñ: #REF!
Name \P: #REF!
Name \R: #REF!
Name \s: #REF!
Name \V: #REF!
Name \X: [0]!ERR
Name \Z: [0]!ERR
Name _________AFC1: #REF!
Name _________AFC3: #REF!
Name _________AFC5: #REF!
Name _________BGC1: #REF!
Name _________BGC3: #REF!
Name _________BGC5: #REF!
Name _________CAC1: #REF!
Name _________CAC3: #REF!
Name _________CAC5: #REF!
Name _________PJ50: #REF!
Name _________SBC1: #REF!
Name _________SBC3: #REF!
Name _________SBC5: #REF!
Name ________AFC1: #REF!
Name ________AFC3: #REF!
Name ________AFC5: #REF!
Name ________BGC1: #REF!
Name ________BGC3: #REF!
Name ________BGC5: #REF!
Name ________CAC1: #REF!
Name ________CAC3: #REF!
Name ________CAC5: #REF!
Name ________MA2: #REF!
Name ________PJ50: #REF!
Name ________SBC1: #REF!
Name ________SBC3: #REF!
Name ________SBC5: #REF!
Name _______AFC1: #REF!
Name _______AFC3: #REF!
Name _______AFC5: #REF!
Name _______BGC1: #REF!
Name _______BGC3: #REF!
Name _______BGC5: #REF!
Name _______CAC1: #REF!
Name _______CAC3: #REF!
Name _______CAC5: #REF!
Name _______MA2: #REF!
Name _______PJ50: #REF!
Name _______SBC1: #REF!
Name _______SBC3: #REF!
Name _______SBC5: #REF!

Sheet MEMORIAS DE CANTIDADES
B4: COMPLEJO DEPORTIVO NUEVO CHAMBACÚ (CANCHAS LIGAS MAYORES Y MENORES) | K4: CÓDIGO
K5: VERSIÓN | L5: 2024-1
K6: PÁGINA
B8: CAPITULO | C8: 1.1 | D8: PRELIMINARES
B10: ITEM: | C10: =+'PROPUESTA ECONOMICA(Proponente)'!C21 -> 1.1 | D10: =+VLOOKUP('MEMORIAS DE CANTIDADES'!C10,'PROPUESTA ECONOMICA(Proponente)'!$C$21:$H$310,5,FALSE) -> Localización y replanteo topográfico | I10: Unidad: | J10: =+VLOOKUP('MEMORIAS DE CANTIDADES'!C10,'PROPUESTA ECONOMICA(Proponente)'!$C$21:$H$310,6,FALSE) -> m2 | K10: Cantidad: | L10: =SUM(L11:L18) -> 21324.4
B12: Ubicación/lugar/elemento | C12: Área (m2) | D12: Ancho (m) | E12: Alto (m) | F12: Longitud (m) | G12: Peso (kg) | H12: Porcentaje maximo | I12: Elementos | J12: Unidad | K12: V. PARCIAL | L12: Total
B13: AREA CANCHAS Y URBANISMO | C13: 20116.6 | L13: =PRODUCT(C13:K13) -> 20116.6
B14: AREACANCHA MULTIPLE | C14: 1207.8 | L14: =PRODUCT(C14:K14) -> 1207.8
B18: ESQUEMA:
B20: C | C20: 1.1 | D20: PRELIMINARES
B22: ITEM: | C22: =+'PROPUESTA ECONOMICA(Proponente)'!C22 -> 1.2 | D22: =+VLOOKUP('MEMORIAS DE CANTIDADES'!C22,'PROPUESTA ECONOMICA(Proponente)'!$C$21:$H$310,5,FALSE) -> Cerramiento en Lamina de zinc h=2.0 m, incluye listones de madera 1" x 2" y concreto 3000 psi | I22: Unidad: | J22: =+VLOOKUP('MEMORIAS DE CANTIDADES'!C22,'PROPUESTA ECONOMICA(Proponente)'!$C$21:$H$310,6,FALSE) -> m | K22: Cantidad: | L22: =SUM(L23:L30) -> 564
B24: Ubicación/lugar/elemento | C24: Área (m2) | D24: Ancho (m) | E24: Alto (m) | F24: Longitud (m) | G24: Peso (kg) | H24: Porcentaje maximo | I24: Elementos | J24: Unidad | K24: V. PARCIAL | L24: Total
F25: 564 | L25: =PRODUCT(C25:K25) -> 564
B30: ESQUEMA:
B33: C | C33: 1.1 | D33: PRELIMINARES
B35: ITEM: | C35: =+'PROPUESTA ECONOMICA(Proponente)'!C23 -> 1.3 | D35: =+VLOOKUP('MEMORIAS DE CANTIDADES'!C35,'PROPUESTA ECONOMICA(Proponente)'!$C$21:$H$310,5,FALSE) -> DESCAPOTE CON EQUIPO -Corte de maleza, descapote y nivelación del área Interior al campo de juego (INCLUYE CARGUE Y RETIRO) | I35: Unidad: | J35: =+VLOOKUP('MEMORIAS DE CANTIDADES'!C35,'PROPUESTA ECONOMICA(Proponente)'!$C$21:$H$310,6,FALSE) -> m3 | K35: Cantidad: | L35: =SUM(L36:L43) -> 2132.44
B37: Ubicación/lugar/elemento | C37: Área (m2) | D37: Ancho (m) | E37: Alto (m) | F37: Longitud (m) | G37: Peso (kg) | H37: Porcentaje maximo | I37: Elementos | J37: Unidad | K37: V. PARCIAL | L37: Total
B38: AREA CANCHAS Y URBANISMO | C38: 20116.6 | E38: 0.1 | L38: =PRODUCT(C38:K38) -> 2011.66
B39: AREACANCHA MULTIPLE | C39: 1207.8 | E39: 0.1 | L39: =PRODUCT(C39:K39) -> 120.78
B43: ESQUEMA:
B45: C | C45: 1.1 | D45: PRELIMINARES
B47: ITEM: | C47: =+'PROPUESTA ECONOMICA(Proponente)'!C24 -> 1.4 | D47: =+VLOOKUP('MEMORIAS DE CANTIDADES'!C47,'PROPUESTA ECONOMICA(Proponente)'!$C$21:$H$310,5,FALSE) -> Demolición de anden (Incluye retiro al botadero autorizado) | I47: Unidad: | J47: =+VLOOKUP('MEMORIAS DE CANTIDADES'!C47,'PROPUESTA ECONOMICA(Proponente)'!$C$21:$H$310,6,FALSE) -> m2 | K47: Cantidad: | L47: =SUM(L48:L55) -> 1178
B49: Ubicación/lugar/elemento | C49: Área (m2) | D49: Ancho (m) | E49: Alto (m) | F49: Longitud (m) | G49: Peso (kg) | H49: Porcentaje maximo | I49: Elementos | J49: Unidad | K49: V. PARCIAL | L49: Total
C50: =179+566+433 -> 1178 | L50: =PRODUCT(C50:K50) -> 1178
B51: ADENEN PEDRO DE HEREDIA | C51: =352+230 -> 582
B55: ESQUEMA:
B57: C | C57: 1.1 | D57: PRELIMINARES
B59: ITEM: | C59: =+'PROPUESTA ECONOMICA(Proponente)'!C25 -> 1.5 | D59: =+VLOOKUP('MEMORIAS DE CANTIDADES'!C59,'PROPUESTA ECONOMICA(Proponente)'!$C$21:$H$310,5,FALSE) -> Demolición de plantillas y Senderos internos existentes (Incluye retiro al botadero autorizado) | I59: Unidad: | J59: =+VLOOKUP('MEMORIAS DE CANTIDADES'!C59,'PROPUESTA ECONOMICA(Proponente)'!$C$21:$H$310,6,FALSE) -> m2 | K59: Cantidad: | L59: =SUM(L60:L67) -> 919
B61: Ubicación/lugar/elemento | C61: Área (m2) | D61: Ancho (m) | E61: Alto (m) | F61: Longitud (m) | G61: Peso (kg) | H61: Porcentaje maximo | I61: Elementos | J61: Unidad | K61: V. PARCIAL | L61: Total
B62: KIOSCO | C62: 161 | L62: =PRODUCT(C62:K62) -> 161
B63: CANCHA MULTPLE | C63: 698 | L63: =PRODUCT(C63:K63) -> 698
B64: DOGOUT | D64: 3 | F64: 10 | I64: 2 | L64: =PRODUCT(C64:K64) -> 60
B67: ESQUEMA:
B69: C | C69: 1.1 | D69: PRELIMINARES
B71: ITEM: | C71: =+'PROPUESTA ECONOMICA(Proponente)'!C26 -> 1.6 | D71: =+VLOOKUP('MEMORIAS DE CANTIDADES'!C71,'PROPUESTA ECONOMICA(Proponente)'!$C$21:$H$310,5,FALSE) -> Corte de arboles ( 10 m<H<20 m. incluye desenraice, retiro y disposición final) | I71: Unidad: | J71: =+VLOOKUP('MEMORIAS DE CANTIDADES'!C71,'PROPUESTA ECONOMICA(Proponente)'!$C$21:$H$310,6,FALSE) -> Und | K71: Cantidad: | L71: =SUM(L72:L79) -> 40
B73: Ubicación/lugar/elemento | C73: Área (m2) | D73: Ancho (m) | E73: Alto (m) | F73: Longitud (m) | G73: Peso (kg) | H73: Porcentaje maximo | I73: Elementos | J73: Unidad | K73: V. PARCIAL | L73: Total
B74: ARBOLES | I74: 40 | L74: =PRODUCT(C74:K74) -> 40
B79: ESQUEMA:
B82: C | C82: 1.1 | D82: PRELIMINARES
B84: ITEM: | C84: =+'PROPUESTA ECONOMICA(Proponente)'!C27 -> 1.7 | D84: =+VLOOKUP('MEMORIAS DE CANTIDADES'!C84,'PROPUESTA ECONOMICA(Proponente)'!$C$21:$H$310,5,FALSE) -> Demolición de estructuras en concreto reforzado (Incluye retiro al botadero autorizado) | I84: Unidad: | J84: =+VLOOKUP('MEMORIAS DE CANTIDADES'!C84,'PROPUESTA ECONOMICA(Proponente)'!$C$21:$H$310,6,FALSE) -> m3 | K84: Cantidad: | L84: =SUM(L85:L96) -> 190.5
B86: Ubicación/lugar/elemento | C86: Área (m2) | D86: Ancho (m) | E86: Alto (m) | F86: Longitud (m) | G86: Peso (kg) | H86: Porcentaje maximo | I86: Elementos | J86: Unidad | K86: V. PARCIAL | L86: Total
B87: COLUMNASD GRDAERIA | D87: 0.3 | E87: 3 | F87: 0.3 | I87: 10 | L87: =PRODUCT(C87:K87) -> 2.7
B88: GRADA | C88: PROMEDIO | D88: 8 | E88: 0.3 | F88: 38 | L88: =PRODUCT(C88:K88) -> 91.2
B89: GRADA | D89: 4 | E89: 0.3 | F89: 34 | L89: =PRODUCT(C89:K89) -> 40.8
B91: SKATE PARL
B92: ESCALERAS | C92: 12 | E92: 1.3 | I92: 3 | L92: =PRODUCT(C92:K92) -> 46.8
B93: RAMPAS SKATE PARK | C93: 20 | E93: 0.15 | I93: 2 | L93: =PRODUCT(C93:K93) -> 6
B94: RAMPAS SKATE PARK | C94: 10 | E94: 0.15 | I94: 2 | L94: =PRODUCT(C94:K94) -> 3
B96: ESQUEMA:
B98: C | C98: 1.1 | D98: PRELIMINARES
B100: ITEM: | C100: =+'PROPUESTA ECONOMICA(Proponente)'!C28 -> 1.8 | D100: =+VLOOKUP('MEMORIAS DE CANTIDADES'!C100,'PROPUESTA ECONOMICA(Proponente)'!$C$21:$H$310,5,FALSE) -> Demolición de Muros en block No 4 y No 6, e=0,10 y 0,15 mts (Incluye retiro al botadero autorizado) | I100: Unidad: | J100: =+VLOOKUP('MEMORIAS DE CANTIDADES'!C100,'PROPUESTA ECONOMICA(Proponente)'!$C$21:$H$310,6,FALSE) -> m2 | K100: Cantidad: | L100: =SUM(L101:L115) -> 592.4
B102: Ubicación/lugar/elemento | C102: Área (m2) | D102: Ancho (m) | E102: Alto (m) | F102: Longitud (m) | G102: Peso (kg) | H102: Porcentaje maximo | I102: Elementos | J102: Unidad | K102: V. PARCIAL | L102: Total
B103: DOGOUT | E103: 3 | F103: =4*10 -> 40 | J103: 2 | L103: =PRODUCT(C103:K103) -> 240
E104: 5 | F104: 38 | L104: =PRODUCT(C104:K104) -> 190
B105: KIOSCO | E105: 3 | F105: 20 | L105: =PRODUCT(C105:K105) -> 60
E106: 1 | F106: 30 | L106: =PRODUCT(C106:K106) -> 30
E107: 0.2 | F107: 230 | L107: =PRODUCT(C107:K107) -> 46
B109: MURO SKATE PARK | E109: 1.35 | F109: 16 | L109: =PRODUCT(C109:K109) -> 21.6
B110: MURO SKATE PARK RAMPAS ZONA MANGLAR | E110: 0.4 | F110: 12 | L110: =PRODUCT(C110:K110) -> 4.8
B115: ESQUEMA:
B117: C | C117: 1.1 | D117: PRELIMINARES
B119: ITEM: | C119: =+'PROPUESTA ECONOMICA(Proponente)'!C29 -> 1.9 | D119: =+VLOOKUP('MEMORIAS DE CANTIDADES'!C119,'PROPUESTA ECONOMICA(Proponente)'!$C$21:$H$310,5,FALSE) -> DESMONTE DE CUBIERTAS EXISTENTES: Desmonte cubiertas existentes en laminas de zinc | I119: Unidad: | J119: =+VLOOKUP('MEMORIAS DE CANTIDADES'!C119,'PROPUESTA ECONOMICA(Proponente)'!$C$21:$H$310,6,FALSE) -> m2 | K119: Cantidad: | L119: =SUM(L120:L127) -> 370
B121: Ubicación/lugar/elemento | C121: Área (m2) | D121: Ancho (m) | E121: Alto (m) | F121: Longitud (m) | G121: Peso (kg) | H121: Porcentaje maximo | I121: Elementos | J121: Unidad | K121: V. PARCIAL | L121: Total
B122: DOGOUT | E122: 3 | F122: 10 | J122: 2 | L122: =PRODUCT(C122:K122) -> 60
B123: GRADA | C123: 180 | L123: =PRODUCT(C123:K123) -> 180
B124: KIOSCO | C124: 130 | L124: =PRODUCT(C124:K124) -> 130
B127: ESQUEMA:
B129: C | C129: 1.1 | D129: PRELIMINARES
B131: ITEM: | C131: =+'PROPUESTA ECONOMICA(Proponente)'!C30 -> 1.10 | D131: =+VLOOKUP('MEMORIAS DE CANTIDADES'!C131,'PROPUESTA ECONOMICA(Proponente)'!$C$21:$H$310,5,FALSE) -> DESMONTE DE ESTRUCRURA DE CUBIERTA EXISTENTE | I131: Unidad: | J131: =+VLOOKUP('MEMORIAS DE CANTIDADES'!C131,'PROPUESTA ECONOMICA(Proponente)'!$C$21:$H$310,6,FALSE) -> M | K131: Cantidad: | L131: =SUM(L132:L139) -> 100
B133: Ubicación/lugar/elemento | C133: Área (m2) | D133: Ancho (m) | E133: Alto (m) | F133: Longitud (m) | G133: Peso (kg) | H133: Porcentaje maximo | I133: Elementos | J133: Unidad | K133: V. PARCIAL | L133: Total
B134: DOGOUT | F134: 100 | J134: 1 | L134: =PRODUCT(C134:K134) -> 100
B135: GRADA | L135: =PRODUCT(C135:K135) -> 0
B136: KIOSCO | L136: =PRODUCT(C136:K136) -> 0
B139: ESQUEMA:
B141: C | C141: 1.1 | D141: PRELIMINARES
B143: ITEM: | C143: =+'PROPUESTA ECONOMICA(Proponente)'!C31 -> 1.11 | D143: =+VLOOKUP('MEMORIAS DE CANTIDADES'!C143,'PROPUESTA ECONOMICA(Proponente)'!$C$21:$H$310,5,FALSE) -> Desmonte de malla existente incluye corte de verticales | I143: Unidad: | J143: =+VLOOKUP('MEMORIAS DE CANTIDADES'!C143,'PROPUESTA ECONOMICA(Proponente)'!$C$21:$H$310,6,FALSE) -> m2 | K143: Cantidad: | L143: =SUM(L144:L151) -> 1088
B145: Ubicación/lugar/elemento | C145: Área (m2) | D145: Ancho (m) | E145: Alto (m) | F145: Longitud (m) | G145: Peso (kg) | H145: Porcentaje maximo | I145: Elementos | J145: Unidad | K145: V. PARCIAL | L145: Total
B146: SOFTBOL | E146: 2 | F146: 230 | J146: 1 | L146: =PRODUCT(C146:K146) -> 460
B147: SOFTBOL | E147: 4 | F147: 30 | L147: =PRODUCT(C147:K147) -> 120
B148: MULTIPLE | E148: 4 | F148: 127 | L148: =PRODUCT(C148:K148) -> 508
B151: ESQUEMA:
B154: CAPITULO | C154: 2 | D154: ACERO DE REFUERZO
B156: ITEM: | C156: =+'PROPUESTA ECONOMICA(Proponente)'!C34 -> 2.1 | D156: =+VLOOKUP('MEMORIAS DE CANTIDADES'!C156,'PROPUESTA ECONOMICA(Proponente)'!$C$21:$H$310,5,FALSE) -> Acero de Refuerzo 60000 PSI (incluye suministro, figurado y fijación) | I156: Unidad: | J156: =+VLOOKUP('MEMORIAS DE CANTIDADES'!C156,'PROPUESTA ECONOMICA(Proponente)'!$C$21:$H$310,6,FALSE) -> KG | K156: Cantidad: | L156: =SUM(L157:L411) -> 149693.05
C157: KG | D157: KG | E157: KG | F157: KG | G157: KG | H157: KG
B158: Ubicación/lugar/elemento | C158: MALLA | D158: Ø3/8" | E158: Ø1/2" | F158: Ø5/8" | G158: Ø3/4" | H158: Ø1" | I158: Elementos | J158: Unidad | K158: V. PARCIAL | L158: Total
B159: CANCHA DE FUTBOL
B160: Z1 | E160: =2.75*30 -> 82.5 | I160: 18 | L160: =(+SUM(C160:H160))*I160 -> 1485
B161: Z2 | E161: =1.95*20 -> 39 | I161: 18 | L161: =(+SUM(C161:H161))*I161 -> 702
B162: Z3 | E162: =2.75*11+2*15 -> 60.25 | I162: 18 | L162: =(+SUM(C162:H162))*I162 -> 1084.5
B163: COLUMNAS
B164: C1 | D164: =(24+24+6+5)*(1.88+0.55)*0.56 -> 80.2872 | F164: =8*6.8*1.552 -> 84.4288 | G164: =8*6.8*2.235 -> 121.584 | I164: 18 | L164: =(+SUM(C164:H164))*I164 -> 5153.4
B165: C2 | D165: =+(24+11+6)*1.48*0.56+(24+11+6)*0.45*0.56 -> 44.3128 | F165: =4*5.4*1.552 -> 33.5232 | G165: =4*5.4*2.235 -> 48.276 | I165: 18 | L165: =(+SUM(C165:H165))*I165 -> 2270.016
B166: C3 | D166: =31*1.48*0.56+31*0.45*0.56 -> 33.5048 | F166: =4*3.8*1.552 -> 23.5904 | G166: =4*3.8*2.235 -> 33.972 | I166: 18 | L166: =(+SUM(C166:H166))*I166 -> 1639.2096
B167: VIGAS DE AMARRE
B168: VCIM-100 | D168: 2.3 | F168: 10.2 | I168: 6 | L168: =(+SUM(C168:H168))*I168 -> 75
B169: VCIM-101 | D169: 6.4 | F169: 16.6 | I169: 1 | L169: =(+SUM(C169:H169))*I169 -> 23
B170: VCIM-102 | D170: 3.5 | F170: 12.4 | I170: 3 | L170: =(+SUM(C170:H170))*I170 -> 47.7
B171: VCIM-103 | D171: 5.8 | F171: 15.6 | I171: 1 | L171: =(+SUM(C171:H171))*I171 -> 21.4
B172: VCIM-104 | D172: 2.9 | F172: 11.4 | I172: 1 | L172: =(+SUM(C172:H172))*I172 -> 14.3
B173: VCIM-105 | D173: 183.2 | E173: 203.4 | F173: 160.2 | I173: 3 | L173: =(+SUM(C173:H173))*I173 -> 1640.4
...

Sheet PROPUESTA ECONOMICA(Proponente)
C6: REPÚBLICA DE COLOMBIA ALCADIA MAYOR DE CARTAGENA DE INDIAS SECRETARÍA DE INFRAESTRUCTURA BALANCE DE MAYORES Y MENORES CANTIDADES E ITEMS NO PREVISTOS O ADICIONALES
C12: CONTRATANTE | G12: ALCALDIA MAYOR DE CARTAGENA DE INDIAS | O12: FECHA DE ELABORACIÓN | P12: TREINTA (30) DE ABRIL DE 2026
C13: CONTRATO DE OBRA No. LP-SEGD-001-2024 | H13: PLAZO CONTRACTUAL | K13: VEINTICUATRO (24) MESES
C14: OBJETO | G14: CONSTRUCCIÓN DEL COMPLEJO DEPORTIVO NUEVO CHAMBACÚ | H14: FECHA DE INICIACIÓN | K14: CUATRO(04) DE SEPTIEMBRE DE 2024 | O14: FECHA DE FINALIZACIÓN | P14: TREINTA (30) DE JUNIO DE 2026
C15: CONTRATISTA | G15: CONSORCIO COMPLEJO DEPORTIVO 2024
C16: INTERVENTORIA | G16: CONSORCIO INTERDEPORTIVO NCH | H16: VALOR INICIAL TOTAL DEL CONTRATO | K16: 4.5189616e+10 | O16: VALOR FINAL CONTRATO | P16: =+U760 -> 6.4329946e+10
C18: CANCHAS DE FUTBOL 11, SOFTBOL Y BALONCESTO CONDICIONES CONTRACTUALES | M18: BALANCE DE MAYORES Y MENORES | S18: CONDICION EN EL AJUSTE DEL PROYECTO
C19: Nº | D19: ÍTEM DE PAGO | E19: ESPECIFICACIONES | G19: DESCRIPCIÓN | H19: UND. | I19: CANTIDAD | J19: VR UNIT Inc. (AIU) | K19: VR PARCIAL Inc. (AIU) | M19: MAYORES(+) | N19: MENORES(-) | O19: $ MAYORES(+) | P19: $ MENORES(-) | Q19: VR PARCIAL Inc. (AIU) | S19: CANTIDAD | T19: VR UNIT Inc. (AIU) | U19: VR PARCIAL Inc. (AIU)
C20: 1,0 PRELIMINARES
C21: 1.1 | G21: Localización y replanteo topográfico | H21: m2 | I21: 14422 | J21: 1825 | K21: =I21*J21 -> 26320150 | M21: =+IF(I21<S21,S21-I21,0) -> 6902.4 | N21: =+IF(I21>S21,-S21+I21,0) -> 0 | O21: =+M21*J21 -> 12596880 | P21: =+N21*J21 -> 0 | Q21: =+O21-P21 -> 12596880 | S21: =+'MEMORIAS DE CANTIDADES'!L10 -> 21324.4 | T21: =+J21 -> 1825 | U21: =+S21*T21 -> 38917030
C22: 1.2 | G22: Cerramiento en Lamina de zinc h=2.0 m, incluye listones de madera 1" x 2" y concreto 3000 psi | H22: m | I22: 564 | J22: 49945 | K22: =I22*J22 -> 28168980 | M22: =+IF(I22<S22,S22-I22,0) -> 0 | N22: =+IF(I22>S22,-S22+I22,0) -> 564 | O22: =+M22*J22 -> 0 | P22: =+N22*J22 -> 28168980 | Q22: =+O22-P22 -> -28168980 | S22: 0 | T22: =+J22 -> 49945 | U22: =+S22*T22 -> 0
C23: 1.3 | G23: DESCAPOTE CON EQUIPO -Corte de maleza, descapote y nivelación del área Interior al campo de juego (INCLUYE CARGUE Y RETIRO) | H23: m3 | I23: 893.05 | J23: 65391 | K23: =I23*J23 -> 58397433 | M23: =+IF(I23<S23,S23-I23,0) -> 1239.39 | N23: =+IF(I23>S23,-S23+I23,0) -> 0 | O23: =+M23*J23 -> 81044951 | P23: =+N23*J23 -> 0 | Q23: =+O23-P23 -> 81044951 | S23: =+'MEMORIAS DE CANTIDADES'!L35 -> 2132.44 | T23: =+J23 -> 65391 | U23: =+S23*T23 -> 1.3944238e+08
C24: 1.4 | G24: Demolición de anden (Incluye retiro al botadero autorizado) | H24: m2 | I24: 1178 | J24: 17629 | K24: =I24*J24 -> 20766962 | M24: =+IF(I24<S24,S24-I24,0) -> 0 | N24: =+IF(I24>S24,-S24+I24,0) -> 0 | O24: =+M24*J24 -> 0 | P24: =+N24*J24 -> 0 | Q24: =+O24-P24 -> 0 | S24: =+'MEMORIAS DE CANTIDADES'!L47 -> 1178 | T24: =+J24 -> 17629 | U24: =+S24*T24 -> 20766962
C25: 1.5 | G25: Demolición de plantillas y Senderos internos existentes (Incluye retiro al botadero autorizado) | H25: m2 | I25: 919 | J25: 34053 | K25: =I25*J25 -> 31294707 | M25: =+IF(I25<S25,S25-I25,0) -> 0 | N25: =+IF(I25>S25,-S25+I25,0) -> 0 | O25: =+M25*J25 -> 0 | P25: =+N25*J25 -> 0 | Q25: =+O25-P25 -> 0 | S25: =+'MEMORIAS DE CANTIDADES'!L59 -> 919 | T25: =+J25 -> 34053 | U25: =+S25*T25 -> 31294707
C26: 1.6 | G26: Corte de arboles ( 10 m<H<20 m. incluye desenraice, retiro y disposición final) | H26: Und | I26: 40 | J26: 428044 | K26: =I26*J26 -> 17121760 | M26: =+IF(I26<S26,S26-I26,0) -> 0 | N26: =+IF(I26>S26,-S26+I26,0) -> 0 | O26: =+M26*J26 -> 0 | P26: =+N26*J26 -> 0 | Q26: =+O26-P26 -> 0 | S26: =+'MEMORIAS DE CANTIDADES'!L71 -> 40 | T26: =+J26 -> 428044 | U26: =+S26*T26 -> 17121760
C27: 1.7 | G27: Demolición de estructuras en concreto reforzado (Incluye retiro al botadero autorizado) | H27: m3 | I27: 134.7 | J27: 292796 | K27: =I27*J27 -> 39439621 | M27: =+IF(I27<S27,S27-I27,0) -> 55.8 | N27: =+IF(I27>S27,-S27+I27,0) -> 0 | O27: =+M27*J27 -> 16338017 | P27: =+N27*J27 -> 0 | Q27: =+O27-P27 -> 16338017 | S27: =+'MEMORIAS DE CANTIDADES'!L84 -> 190.5 | T27: =+J27 -> 292796 | U27: =+S27*T27 -> 55777638
C28: 1.8 | G28: Demolición de Muros en block No 4 y No 6, e=0,10 y 0,15 mts (Incluye retiro al botadero autorizado) | H28: m2 | I28: 566 | J28: 27092 | K28: =I28*J28 -> 15334072 | M28: =+IF(I28<S28,S28-I28,0) -> 26.4 | N28: =+IF(I28>S28,-S28+I28,0) -> 0 | O28: =+M28*J28 -> 715228.8 | P28: =+N28*J28 -> 0 | Q28: =+O28-P28 -> 715228.8 | S28: =+'MEMORIAS DE CANTIDADES'!L100 -> 592.4 | T28: =+J28 -> 27092 | U28: =+S28*T28 -> 16049301
C29: 1.9 | G29: DESMONTE DE CUBIERTAS EXISTENTES: Desmonte cubiertas existentes en laminas de zinc | H29: m2 | I29: 370 | J29: 9397 | K29: =I29*J29 -> 3476890 | M29: =+IF(I29<S29,S29-I29,0) -> 0 | N29: =+IF(I29>S29,-S29+I29,0) -> 0 | O29: =+M29*J29 -> 0 | P29: =+N29*J29 -> 0 | Q29: =+O29-P29 -> 0 | S29: =+'MEMORIAS DE CANTIDADES'!L119 -> 370 | T29: =+J29 -> 9397 | U29: =+S29*T29 -> 3476890
C30: 1.10 | G30: DESMONTE DE ESTRUCRURA DE CUBIERTA EXISTENTE | H30: M | I30: 100 | J30: 2461 | K30: =I30*J30 -> 246100 | M30: =+IF(I30<S30,S30-I30,0) -> 0 | N30: =+IF(I30>S30,-S30+I30,0) -> 0 | O30: =+M30*J30 -> 0 | P30: =+N30*J30 -> 0 | Q30: =+O30-P30 -> 0 | S30: =+'MEMORIAS DE CANTIDADES'!L131 -> 100 | T30: =+J30 -> 2461 | U30: =+S30*T30 -> 246100
C31: 1.11 | G31: Desmonte de malla existente incluye corte de verticales | H31: m2 | I31: 580 | J31: 15381 | K31: =I31*J31 -> 8920980 | M31: =+IF(I31<S31,S31-I31,0) -> 508 | N31: =+IF(I31>S31,-S31+I31,0) -> 0 | O31: =+M31*J31 -> 7813548 | P31: =+N31*J31 -> 0 | Q31: =+O31-P31 -> 7813548 | S31: =+'MEMORIAS DE CANTIDADES'!L143 -> 1088 | T31: =+J31 -> 15381 | U31: =+S31*T31 -> 16734528
C32: Subtotal | K32: =SUM(K21:K31) -> 2.4948765e+08 | O32: =SUM(O21:O31) -> 1.1850863e+08 | P32: =SUM(P21:P31) -> 28168980 | Q32: =SUM(Q21:Q31) -> 90339645 | U32: =SUM(U21:U31) -> 3.398273e+08
C33: 2,0 ACERO DE REFUERZO
C34: 2.1 | G34: Acero de Refuerzo 60000 PSI (incluye suministro, figurado y fijación) | H34: KG | I34: 148277.64 | J34: 10670 | K34: =I34*J34 -> 1.5821224e+09 | M34: =+IF(I34<S34,S34-I34,0) -> 1415.4065 | N34: =+IF(I34>S34,-S34+I34,0) -> 0 | O34: =+M34*J34 -> 15102387 | P34: =+N34*J34 -> 0 | Q34: =+O34-P34 -> 15102387 | S34: =+'MEMORIAS DE CANTIDADES'!L156 -> 149693.05 | T34: =+J34 -> 10670 | U34: =+S34*T34 -> 1.5972248e+09
C35: 2.2 | G35: ACERO ESTRUCTURAL: ASTM A 500 Gr. C ó A36 - GRADERIAS, BANCA DE SUPLENTES (incluye suministro, figurado y fijación) | H35: KG | I35: 93984.465 | J35: 17175 | K35: =I35*J35 -> 1.6141832e+09 | M35: =+IF(I35<S35,S35-I35,0) -> 0 | N35: =+IF(I35>S35,-S35+I35,0) -> 10358.654 | O35: =+M35*J35 -> 0 | P35: =+N35*J35 -> 1.7790988e+08 | Q35: =+O35-P35 -> -1.7790988e+08 | S35: =+'MEMORIAS DE CANTIDADES'!L415 -> 83625.811 | T35: =+J35 -> 17175 | U35: =+S35*T35 -> 1.4362733e+09
C36: 2.3 | G36: ESTRUCTURA EN PERFILERIA IPE: ASTM A 572 Gr. 50 Y Columnas en PTE-16"X12.7mm ASTM A 500 Gr (incluye suministro, figurado y fijación). | H36: KG | I36: 71559.339 | J36: 18662 | K36: =I36*J36 -> 1.3354404e+09 | M36: =+IF(I36<S36,S36-I36,0) -> 0 | N36: =+IF(I36>S36,-S36+I36,0) -> 71559.339 | O36: =+M36*J36 -> 0 | P36: =+N36*J36 -> 1.3354404e+09 | Q36: =+O36-P36 -> -1.3354404e+09 | S36: =+'MEMORIAS DE CANTIDADES'!L461 -> 0 | T36: =+J36 -> 18662 | U36: =+S36*T36 -> 0
C37: 2.4 | G37: ESTRUCTURA EN TUBERIA: ASTM A 500 Gr. C ó A36 para banca de suplentes (incluye suministro, figurado y fijación). | H37: KG | I37: 1000 | J37: 17175 | K37: =I37*J37 -> 17175000 | M37: =+IF(I37<S37,S37-I37,0) -> 0 | N37: =+IF(I37>S37,-S37+I37,0) -> 1000 | O37: =+M37*J37 -> 0 | P37: =+N37*J37 -> 17175000 | Q37: =+O37-P37 -> -17175000 | S37: 0 | T37: =+J37 -> 17175 | U37: =+S37*T37 -> 0
C38: 2.5 | G38: Acero de refuerzo Tanque de almacenamiento (incluye suministro, figurado y fijación) | H38: KG | I38: 5609.1 | J38: 10670 | K38: =I38*J38 -> 59849097 | M38: =+IF(I38<S38,S38-I38,0) -> 0 | N38: =+IF(I38>S38,-S38+I38,0) -> 0 | O38: =+M38*J38 -> 0 | P38: =+N38*J38 -> 0 | Q38: =+O38-P38 -> 0 | S38: =+'MEMORIAS DE CANTIDADES'!L489 -> 5609.1 | T38: =+J38 -> 10670 | U38: =+S38*T38 -> 59849097
C39: Subtotal | K39: =SUM(K34:K38) -> 4.6087701e+09 | M39: =+IF(I39<S39,S39-I39,0) -> 0 | O39: =SUM(O34:O38) -> 15102387 | P39: =SUM(P34:P38) -> 1.5305253e+09 | Q39: =SUM(Q34:Q38) -> -1.5154229e+09 | U39: =SUM(U34:U38) -> 3.0933472e+09
C40: 3,0 ESTRUCTURA EN CONCRETO DE GRADERIAS, DOGOUT, BAÑOS, CASETAS, ZONA DE COMIDA, ENTRADA, BODEGAS, CUARTO ELECTRICO, CUARTO DE CONTROL, BOMBAS, TANQUE, BOXCULVERT.
C41: 3.1 | G41: EXCAVACIONES :Excavación manual, cimentación (Incluye cargue, transporte y disposición final). | H41: m3 | I41: 2513.8578 | J41: 83705 | K41: =I41*J41 -> 2.1042247e+08 | M41: =+IF(I41<S41,S41-I41,0) -> 2934.0371 | N41: =+IF(I41>S41,-S41+I41,0) -> 0 | O41: =+M41*J41 -> 2.4559357e+08 | P41: =+N41*J41 -> 0 | Q41: =+O41-P41 -> 2.4559357e+08 | S41: =+'MEMORIAS DE CANTIDADES'!L504 -> 5447.8949 | T41: =+J41 -> 83705 | U41: =+S41*T41 -> 4.5601604e+08
C42: 3.2 | G42: Concreto ciclópeo 3000 psi, relación 60%C/40%P. (Incluye suministro y colocación). | H42: m3 | I42: 230.0865 | J42: 463039 | K42: =I42*J42 -> 1.0653902e+08 | M42: =+IF(I42<S42,S42-I42,0) -> 575.446 | N42: =+IF(I42>S42,-S42+I42,0) -> 0 | O42: =+M42*J42 -> 2.6645394e+08 | P42: =+N42*J42 -> 0 | Q42: =+O42-P42 -> 2.6645394e+08 | S42: =+'MEMORIAS DE CANTIDADES'!L587 -> 805.5325 | T42: =+J42 -> 463039 | U42: =+S42*T42 -> 3.7299296e+08
C43: 3.3 | G43: Solado de limpieza- concreto de 2000 psi, incluye suministro e instalación). | H43: m2 | I43: 663.2635 | J43: 41144 | K43: =I43*J43 -> 27289313 | M43: =+IF(I43<S43,S43-I43,0) -> 0 | N43: =+IF(I43>S43,-S43+I43,0) -> 200.968 | O43: =+M43*J43 -> 0 | P43: =+N43*J43 -> 8268627.4 | Q43: =+O43-P43 -> -8268627.4 | S43: =+'MEMORIAS DE CANTIDADES'!L625 -> 462.2955 | T43: =+J43 -> 41144 | U43: =+S43*T43 -> 19020686
C44: 3.4 | G44: RELLENO SELECCIONADO: Relleno compactado para área cimentaciones, con material seleccionado, zahorra al 95% del proctor estándar en cimentación. (suministro, humedecimiento y compactación). | H44: m3 | I44: 134.2991 | J44: 108681 | K44: =I44*J44 -> 14595760 | M44: =+IF(I44<S44,S44-I44,0) -> 1883.6726 | N44: =+IF(I44>S44,-S44+I44,0) -> 0 | O44: =+M44*J44 -> 2.0471942e+08 | P44: =+N44*J44 -> 0 | Q44: =+O44-P44 -> 2.0471942e+08 | S44: =+'MEMORIAS DE CANTIDADES'!L686 -> 2017.9717 | T44: =+J44 -> 108681 | U44: =+S44*T44 -> 2.1931518e+08
C45: 3.5 | G45: CONCRETO VIGAS CIMIENTOS, ZAPATAS Y AMARRES: Concreto premezclado de 4000 PSI para Viga Cimiento y zapatas (incluye suministro e instalación) | H45: m3 | I45: 680.6922 | J45: 1082757 | K45: =I45*J45 -> 7.3702424e+08 | M45: =+IF(I45<S45,S45-I45,0) -> 0 | N45: =+IF(I45>S45,-S45+I45,0) -> 680.6922 | O45: =+M45*J45 -> 0 | P45: =+N45*J45 -> 7.3702424e+08 | Q45: =+O45-P45 -> -7.3702424e+08 | S45: 0 | T45: =+J45 -> 1082757 | U45: =+S45*T45 -> 0
C46: 3.6 | G46: COLUMNAS DE CONCRETO A LA VISTA: Concreto de 4000 PSI (incluye suministro, formaletería e instalación). | H46: m3 | I46: 291.689 | J46: 1547998 | K46: =I46*J46 -> 4.5153399e+08 | M46: =+IF(I46<S46,S46-I46,0) -> 0 | N46: =+IF(I46>S46,-S46+I46,0) -> 114.9775 | O46: =+M46*J46 -> 0 | P46: =+N46*J46 -> 1.7798494e+08 | Q46: =+O46-P46 -> -1.7798494e+08 | S46: =+'MEMORIAS DE CANTIDADES'!L842 -> 176.7115 | T46: =+J46 -> 1547998 | U46: =+S46*T46 -> 2.7354905e+08
C47: 3.7 | G47: CONCRETOS DE VIGAS: Concreto de 4000 PSI (incluye suministro e instalación) | H47: m3 | I47: 613.77075 | J47: 1429563 | K47: =I47*J47 -> 8.7742395e+08 | M47: =+IF(I47<S47,S47-I47,0) -> 0 | N47: =+IF(I47>S47,-S47+I47,0) -> 225.34438 | O47: =+M47*J47 -> 0 | P47: =+N47*J47 -> 3.2214399e+08 | Q47: =+O47-P47 -> -3.2214399e+08 | S47: =+'MEMORIAS DE CANTIDADES'!L874 -> 388.42637 | T47: =+J47 -> 1429563 | U47: =+S47*T47 -> 5.5527997e+08
C48: 3.8 | G48: Losa Graderías e=0,10, Concreto f¨c = 4000 PS (incluye suministro e instalación) | H48: M2 | I48: 698.016 | J48: 364929 | K48: =I48*J48 -> 2.5472628e+08 | M48: =+IF(I48<S48,S48-I48,0) -> 63 | N48: =+IF(I48>S48,-S48+I48,0) -> 0 | O48: =+M48*J48 -> 22990527 | P48: =+N48*J48 -> 0 | Q48: =+O48-P48 -> 22990527 | S48: =+'MEMORIAS DE CANTIDADES'!L932 -> 761.016 | T48: =+J48 -> 364929 | U48: =+S48*T48 -> 2.7771681e+08
C49: 3.9 | G49: Losa e=0,060, Concreto f¨c = 4000 PS (incluye suministro e instalación) | H49: M2 | I49: 890.812 | J49: 184699 | K49: =I49*J49 -> 1.6453209e+08 | M49: =+IF(I49<S49,S49-I49,0) -> 0 | N49: =+IF(I49>S49,-S49+I49,0) -> 774.564 | O49: =+M49*J49 -> 0 | P49: =+N49*J49 -> 1.430612e+08 | Q49: =+O49-P49 -> -1.430612e+08 | S49: =+'MEMORIAS DE CANTIDADES'!L948 -> 116.248 | T49: =+J49 -> 184699 | U49: =+S49*T49 -> 21470889
C50: 3.10 | G50: Losa Graderías e=0,15, Concreto f¨c = 4000 PS (incluye suministro e instalación) | H50: M2 | I50: 1167.0736 | J50: 364929 | K50: =I50*J50 -> 4.25899e+08 | M50: =+IF(I50<S50,S50-I50,0) -> 0 | N50: =+IF(I50>S50,-S50+I50,0) -> 49.68 | O50: =+M50*J50 -> 0 | P50: =+N50*J50 -> 18129673 | Q50: =+O50-P50 -> -18129673 | S50: =+'MEMORIAS DE CANTIDADES'!L961 -> 1117.3936 | T50: =+J50 -> 364929 | U50: =+S50*T50 -> 4.0776933e+08
C51: 3.11 | G51: CONCRETO PARA TANQUE DE AGUA POTABLE 4000 PSI., (Incluye suministro, formaletería e instalación). | H51: m3 | I51: 52.598 | J51: 1547998 | K51: =I51*J51 -> 81421599 | M51: =+IF(I51<S51,S51-I51,0) -> 26 | N51: =+IF(I51>S51,-S51+I51,0) -> 0 | O51: =+M51*J51 -> 40247948 | P51: =+N51*J51 -> 0 | Q51: =+O51-P51 -> 40247948 | S51: =+'MEMORIAS DE CANTIDADES'!L979 -> 78.598 | T51: =+J51 -> 1547998 | U51: =+S51*T51 -> 1.2166955e+08
C52: Subtotal | K52: =SUM(K41:K51) -> 3.3514077e+09 | O52: =SUM(O41:O51) -> 7.8000541e+08 | P52: =SUM(P41:P51) -> 1.4066127e+09 | Q52: =SUM(Q41:Q51) -> -6.2660726e+08 | U52: =SUM(U41:U51) -> 2.7248005e+09
C53: 4,0 TERRENO DE JUEGO
C54: 4.1 | G54: EXCAVACIONES MECANICAS VARIAS EN MATERIAL COMUN SECO (Incluye cargue, transporte y disposición final). | H54: m3 | I54: 4335.38 | J54: 58639 | K54: =I54*J54 -> 2.5422235e+08 | M54: =+IF(I54<S54,S54-I54,0) -> 1618.876 | N54: =+IF(I54>S54,-S54+I54,0) -> 0 | O54: =+M54*J54 -> 94929270 | P54: =+N54*J54 -> 0 | Q54: =+O54-P54 -> 94929270 | S54: =+'MEMORIAS DE CANTIDADES'!L992 -> 5954.256 | T54: =+J54 -> 58639 | U54: =+S54*T54 -> 3.4915162e+08
C55: 4.2 | G55: EXCAVACIONES: (Excavación manual incluye cargue, transporte y disposición final) | H55: m3 | I55: 676.332 | J55: 83705 | K55: =I55*J55 -> 56612370 | M55: =+IF(I55<S55,S55-I55,0) -> 1526.4576 | N55: =+IF(I55>S55,-S55+I55,0) -> 0 | O55: =+M55*J55 -> 1.2777213e+08 | P55: =+N55*J55 -> 0 | Q55: =+O55-P55 -> 1.2777213e+08 | S55: =+'MEMORIAS DE CANTIDADES'!L1003 -> 2202.7896 | T55: =+J55 -> 83705 | U55: =+S55*T55 -> 1.843845e+08
C56: 4.3 | G56: Conformación de subrasante por compactación simple. | H56: m2 | I56: 4122.58 | J56: 4360 | K56: =I56*J56 -> 17974449 | M56: =+IF(I56<S56,S56-I56,0) -> 9473.82 | N56: =+IF(I56>S56,-S56+I56,0) -> 0 | O56: =+M56*J56 -> 41305855 | P56: =+N56*J56 -> 0 | Q56: =+O56-P56 -> 41305855 | S56: =+'MEMORIAS DE CANTIDADES'!L1021 -> 13596.4 | T56: =+J56 -> 4360 | U56: =+S56*T56 -> 59280304
C57: 4.4 | G57: Material de mejoramiento según estudio de suelo e=0.30 m, compactado al 95% del Proctor estándar y conformación de la superficie de drenaje con pendientes de 0,5% en dirección a filtros. (Incluye suministro e instalación). | H57: m3 | I57: 2473.548 | J57: 84792 | K57: =I57*J57 -> 2.0973708e+08 | M57: =+IF(I57<S57,S57-I57,0) -> 6629.8435 | N57: =+IF(I57>S57,-S57+I57,0) -> 0 | O57: =+M57*J57 -> 5.6215769e+08 | P57: =+N57*J57 -> 0 | Q57: =+O57-P57 -> 5.6215769e+08 | S57: 9103.3915 | T57: =+J57 -> 84792 | U57: =+S57*T57 -> 7.7189477e+08
C58: 4.5 | G58: Geomembrana homogénea PEAD 30 mils, con resistencia a la intemperie, impermeabilizante, (Incluye suministro e instalación). | H58: M2 | I58: 8987.2244 | J58: 21564 | K58: =I58*J58 -> 1.9380051e+08 | M58: =+IF(I58<S58,S58-I58,0) -> 4203.9756 | N58: =+IF(I58>S58,-S58+I58,0) -> 0 | O58: =+M58*J58 -> 90654530 | P58: =+N58*J58 -> 0 | Q58: =+O58-P58 -> 90654530 | S58: =+'MEMORIAS DE CANTIDADES'!L1046 -> 13191.2 | T58: =+J58 -> 21564 | U58: =+S58*T58 -> 2.8445504e+08
C59: 4.6 | G59: Relleno triturado 1/2" - 1" filtrante 20 cm espesor, (Incluye suministro e instalación). | H59: m3 | I59: 1649.032 | J59: 200721 | K59: =I59*J59 -> 3.3099535e+08 | M59: =+IF(I59<S59,S59-I59,0) -> 1033.388 | N59: =+IF(I59>S59,-S59+I59,0) -> 0 | O59: =+M59*J59 -> 2.0742267e+08 | P59: =+N59*J59 -> 0 | Q59: =+O59-P59 -> 2.0742267e+08 | S59: =+'MEMORIAS DE CANTIDADES'!L1058 -> 2682.42 | T59: =+J59 -> 200721 | U59: =+S59*T59 -> 5.3841802e+08
C60: 4.7 | G60: Suministro e instalación de MACDRAIN 2L 20.2, (Incluye suministro e instalación). | H60: m2 | I60: 8245.16 | J60: 70463 | K60: =I60*J60 -> 5.8097871e+08 | M60: =+IF(I60<S60,S60-I60,0) -> 440.84 | N60: =+IF(I60>S60,-S60+I60,0) -> 0 | O60: =+M60*J60 -> 31062909 | P60: =+N60*J60 -> 0 | Q60: =+O60-P60 -> 31062909 | S60: =+'MEMORIAS DE CANTIDADES'!L1071 -> 8686 | T60: =+J60 -> 70463 | U60: =+S60*T60 -> 612041618
C61: 4.8 | G61: Suministro e instalación Geodren Tubular MACDRAIN TD 2L 20.2, (Incluye suministro e instalación). | H61: ml | I61: 464 | J61: 75149 | K61: =I61*J61 -> 34869136 | M61: =+IF(I61<S61,S61-I61,0) -> 898 | N61: =+IF(I61>S61,-S61+I61,0) -> 0 | O61: =+M61*J61 -> 67483802 | P61: =+N61*J61 -> 0 | Q61: =+O61-P61 -> 67483802 | S61: =+'MEMORIAS DE CANTIDADES'!L1083 -> 1362 | T61: =+J61 -> 75149 | U61: =+S61*T61 -> 102352938
C62: 4.9 | G62: Suministro e instalación Tubería Tubería Novafort 8" perforada corrugada, (Incluye suministro e instalación). | H62: ml | I62: 928 | J62: 127081 | K62: =I62*J62 -> 117931168 | M62: =+IF(I62<S62,S62-I62,0) -> 644 | N62: =+IF(I62>S62,-S62+I62,0) -> 0 | O62: =+M62*J62 -> 81840164 | P62: =+N62*J62 -> 0 | Q62: =+O62-P62 -> 81840164 | S62: =+'MEMORIAS DE CANTIDADES'!L1095 -> 1572 | T62: =+J62 -> 127081 | U62: =+S62*T62 -> 199771332
C63: 4.10 | G63: Suministro e instalación de Tubería Novafort 6", (Incluye suministro e instalación). | H63: ml | I63: 284 | J63: 95101 | K63: =I63*J63 -> 27008684 | M63: =+IF(I63<S63,S63-I63,0) -> 1996.76 | N63: =+IF(I63>S63,-S63+I63,0) -> 0 | O63: =+M63*J63 -> 1.8989387e+08 | P63: =+N63*J63 -> 0 | Q63: =+O63-P63 -> 1.8989387e+08 | S63: =+'MEMORIAS DE CANTIDADES'!L1107 -> 2280.76 | T63: =+J63 -> 95101 | U63: =+S63*T63 -> 2.1690256e+08
C64: 4.11 | G64: Suministro e instalación de Tubería Novafort 14", (Incluye suministro e instalación). | H64: ml | I64: 186.2 | J64: 336569 | K64: =I64*J64 -> 62669148 | M64: =+IF(I64<S64,S64-I64,0) -> 233.8 | N64: =+IF(I64>S64,-S64+I64,0) -> 0 | O64: =+M64*J64 -> 78689832 | P64: =+N64*J64 -> 0 | Q64: =+O64-P64 -> 78689832 | S64: =+'MEMORIAS DE CANTIDADES'!L1121 -> 420 | T64: =+J64 -> 336569 | U64: =+S64*T64 -> 141358980
C65: 4.12 | G65: Grama sintética en fibra artificial de polietileno fibrilado, de tercera generación, incluye un riego con arena de sílice y grano de caucho, (Incluye suministro e instalación). | H65: m2 | I65: 4656.16 | J65: 109710 | K65: =I65*J65 -> 5.1082731e+08 | M65: =+IF(I65<S65,S65-I65,0) -> 0 | N65: =+IF(I65>S65,-S65+I65,0) -> 4656.16 | O65: =+M65*J65 -> 0 | P65: =+N65*J65 -> 5.1082731e+08 | Q65: =+O65-P65 -> -5.1082731e+08 | S65: 0 | T65: =+J65 -> 109710 | U65: =+S65*T65 -> 0
C66: 4.13 | G66: Cámaras de inspección: 80 CM X 80 CM en concreto 3000 psi, (Incluye suministro e instalación). | H66: Un | I66: 11 | J66: 2083416 | K66: =I66*J66 -> 22917576 | M66: =+IF(I66<S66,S66-I66,0) -> 12 | N66: =+IF(I66>S66,-S66+I66,0) -> 0 | O66: =+M66*J66 -> 25000992 | P66: =+N66*J66 -> 0 | Q66: =+O66-P66 -> 25000992 | S66: =+'MEMORIAS DE CANTIDADES'!L1145 -> 23 | T66: =+J66 -> 2083416 | U66: =+S66*T66 -> 47918568
C67: 4.14 | G67: Losa para cancha múltiple e=15 cm en concreto 3500 psi, (Incluye suministro e instalación). | H67: m3 | I67: 91.0575 | J67: 887959 | K67: =I67*J67 -> 80855327 | M67: =+IF(I67<S67,S67-I67,0) -> 128.7385 | N67: =+IF(I67>S67,-S67+I67,0) -> 0 | O67: =+M67*J67 -> 1.1431451e+08 | P67: =+N67*J67 -> 0 | Q67: =+O67-P67 -> 1.1431451e+08 | S67: =+'MEMORIAS DE CANTIDADES'!L1157 -> 219.796 | T67: =+J67 -> 887959 | U67: =+S67*T67 -> 1.9516984e+08
C68: 4.15 | G68: Suministro e instalación de sistema de drenaje ACODRAINE N200 20,0 H36 | H68: ml | I68: 190 | J68: 808027 | K68: =I68*J68 -> 153525130 | M68: =+IF(I68<S68,S68-I68,0) -> 0 | N68: =+IF(I68>S68,-S68+I68,0) -> 190 | O68: =+M68*J68 -> 0 | P68: =+N68*J68 -> 153525130 | Q68: =+O68-P68 -> -153525130 | S68: 0 | T68: =+J68 -> 808027 | U68: =+S68*T68 -> 0
C69: 4.16 | G69: Suministro y Relleno material seleccionado con zahorra de granulometría fina, arena y polvillo, en relación 2:2:1, (Cernida-mezclada), extendida en forma homogénea, en un e=0,10 m y acabada en una capa de 1cm en la parte superior para material acondicionador tipo polvo de ladrillo. | H69: m3 | I69: 355.3 | J69: 338222 | K69: =I69*J69 -> 1.2017028e+08 | M69: =+IF(I69<S69,S69-I69,0) -> 0 | N69: =+IF(I69>S69,-S69+I69,0) -> 137.5 | O69: =+M69*J69 -> 0 | P69: =+N69*J69 -> 46505525 | Q69: =+O69-P69 -> -46505525 | S69: =+'MEMORIAS DE CANTIDADES'!L1184 -> 217.8 | T69: =+J69 -> 338222 | U69: =+S69*T69 -> 73664752
C70: Subtotal | K70: =SUM(K54:K69) -> 2.7750946e+09 | O70: =SUM(O54:O69) -> 1.7125282e+09 | P70: =SUM(P54:P69) -> 7.1085797e+08 | Q70: =SUM(Q54:Q69) -> 1.0016703e+09 | U70: =SUM(U54:U69) -> 3.7767648e+09
C71: 5,0 MAMPOSTERIA (MUROS DE CARRAMIENTO INTERIORES, DIVISIRIOS Y EXTERIORES)
C72: 5.1 | G72: Suministro y Levante en Block No 6 hueco, con mortero pega 1:4 | H72: m2 | I72: 311.64 | J72: 105547 | K72: =I72*J72 -> 32892667 | M72: =+IF(I72<S72,S72-I72,0) -> 0 | N72: =+IF(I72>S72,-S72+I72,0) -> 100 | O72: =+M72*J72 -> 0 | P72: =+N72*J72 -> 10554700 | Q72: =+O72-P72 -> -10554700 | S72: =+'MEMORIAS DE CANTIDADES'!L1197 -> 211.64 | T72: =+J72 -> 105547 | U72: =+S72*T72 -> 22337967
C73: 5.2 | G73: Suministro y Levante en Block No 4 hueco, con mortero pega 1:4 | H73: m2 | I73: 2142.0331 | J73: 98370 | K73: =I73*J73 -> 2.107118e+08 | M73: =+IF(I73<S73,S73-I73,0) -> 0 | N73: =+IF(I73>S73,-S73+I73,0) -> 119.073 | O73: =+M73*J73 -> 0 | P73: =+N73*J73 -> 11713211 | Q73: =+O73-P73 -> -11713211 | S73: =+'MEMORIAS DE CANTIDADES'!L1210 -> 2022.9601 | T73: =+J73 -> 98370 | U73: =+S73*T73 -> 1.9899859e+08
C74: 5.3 | G74: Pañete en mortero 1:3 para muros y paredes (incluye suministro) | H74: m2 | I74: 4270.3062 | J74: 41627 | K74: =I74*J74 -> 1.7776004e+08 | M74: =+IF(I74<S74,S74-I74,0) -> 1796.694 | N74: =+IF(I74>S74,-S74+I74,0) -> 0 | O74: =+M74*J74 -> 74790981 | P74: =+N74*J74 -> 0 | Q74: =+O74-P74 -> 74790981 | S74: =+'MEMORIAS DE CANTIDADES'!L1259 -> 6067.0002 | T74: =+J74 -> 41627 | U74: =+S74*T74 -> 2.5255102e+08
C75: 5.4 | G75: Dintel en concreto de 3000psi. (incluye suministro, instalación de concreto y formaletaria) | H75: ml | I75: 196.376 | J75: 82372 | K75: =I75*J75 -> 16175884 | M75: =+IF(I75<S75,S75-I75,0) -> 0 | N75: =+IF(I75>S75,-S75+I75,0) -> 0 | O75: =+M75*J75 -> 0 | P75: =+N75*J75 -> 0 | Q75: =+O75-P75 -> 0 | S75: =+'MEMORIAS DE CANTIDADES'!L1306 -> 196.376 | T75: =+J75 -> 82372 | U75: =+S75*T75 -> 16175884
C76: 5.5 | G76: CONCRETO VIGA ANILLO: Concreto para viga anillo de 3500 PSI (incluye suministro, instalación de concreto y formaletaria). | H76: m3 | I76: 40.36668 | J76: 1302115 | K76: =I76*J76 -> 52562060 | M76: =+IF(I76<S76,S76-I76,0) -> 180.15792 | N76: =+IF(I76>S76,-S76+I76,0) -> 0 | O76: =+M76*J76 -> 2.3458633e+08 | P76: =+N76*J76 -> 0 | Q76: =+O76-P76 -> 2.3458633e+08 | S76: =+'MEMORIAS DE CANTIDADES'!L1319 -> 220.5246 | T76: =+J76 -> 1302115 | U76: =+S76*T76 -> 2.8714839e+08
C77: 5.6 | G77: Mesón de lavamanos A 0.60 mts, fabricado en sitio con láminas de granito San Gabriel o similar acabado brillante. (Incluye suministro y mortero de fijación) | H77: ml | I77: 64.52 | J77: 1313009 | K77: =I77*J77 -> 84715341 | M77: =+IF(I77<S77,S77-I77,0) -> 0 | N77: =+IF(I77>S77,-S77+I77,0) -> 20 | O77: =+M77*J77 -> 0 | P77: =+N77*J77 -> 26260180 | Q77: =+O77-P77 -> -26260180 | S77: =+'MEMORIAS DE CANTIDADES'!L1359 -> 44.52 | T77: =+J77 -> 1313009 | U77: =+S77*T77 -> 58455161
C78: 5.7 | G78: MESONES EN CONCRETO A=0.60 mts. (incluye suministro, instalación de concreto 2500PSI, formaleta y refuerzo) e:0.10 m. | H78: m2 | I78: 20.04 | J78: 232170 | K78: =I78*J78 -> 4652686.8 | M78: =+IF(I78<S78,S78-I78,0) -> 0 | N78: =+IF(I78>S78,-S78+I78,0) -> 14.04 | O78: =+M78*J78 -> 0 | P78: =+N78*J78 -> 3259666.8 | Q78: =+O78-P78 -> -3259666.8 | S78: =+'MEMORIAS DE CANTIDADES'!L1370 -> 6 | T78: =+J78 -> 232170 | U78: =+S78*T78 -> 1393020
C79: Subtotal | K79: =SUM(K72:K78) -> 5.7947047e+08 | O79: =SUM(O72:O78) -> 3.0937731e+08 | P79: =SUM(P72:P78) -> 51787758 | Q79: =SUM(Q72:Q78) -> 2.5758955e+08 | U79: =SUM(U72:U78) -> 8.3706002e+08
C80: 6,0 CERRAMIENTOS EXTERIORES E INTERIORES
C81: 6.1 | G81: EXCAVACIONES :Excavación manual, cimentación cerramiento | H81: m3 | I81: 594.01075 | J81: 83705 | K81: =I81*J81 -> 49721670 | M81: =+IF(I81<S81,S81-I81,0) -> 1247.2496 | N81: =+IF(I81>S81,-S81+I81,0) -> 0 | O81: =+M81*J81 -> 1.0440103e+08 | P81: =+N81*J81 -> 0 | Q81: =+O81-P81 -> 1.0440103e+08 | S81: =+'MEMORIAS DE CANTIDADES'!L1385 -> 1841.2604 | T81: =+J81 -> 83705 | U81: =+S81*T81 -> 1.541227e+08
C82: 6.2 | G82: Concreto ciclópeo 3000 psi, relación 60%C/40%P. (Incluye suministro y colocación) | H82: m3 | I82: 89.652 | J82: 570473 | K82: =I82*J82 -> 51144045 | M82: =+IF(I82<S82,S82-I82,0) -> 53.73 | N82: =+IF(I82>S82,-S82+I82,0) -> 0 | O82: =+M82*J82 -> 30651514 | P82: =+N82*J82 -> 0 | Q82: =+O82-P82 -> 30651514 | S82: =+'MEMORIAS DE CANTIDADES'!L1408 -> 143.382 | T82: =+J82 -> 570473 | U82: =+S82*T82 -> 81795560
C83: 6.3 | G83: RELLENO SELECCIONADO: Relleno compactado para área cimentaciones, con material seleccionado, zahorra al 95% del proctor estándar en cimentación. (suministro, humedecimiento y compactación) | H83: m3 | I83: 98.8975 | J83: 108681 | K83: =I83*J83 -> 10748279 | M83: =+IF(I83<S83,S83-I83,0) -> 188.513 | N83: =+IF(I83>S83,-S83+I83,0) -> 0 | O83: =+M83*J83 -> 20487781 | P83: =+N83*J83 -> 0 | Q83: =+O83-P83 -> 20487781 | S83: =+'MEMORIAS DE CANTIDADES'!L1424 -> 287.4105 | T83: =+J83 -> 108681 | U83: =+S83*T83 -> 31236061
C84: 6.4 | G84: Solado de limpieza- concreto de 2000 psi, incluye suministro e instalación). | H84: m2 | I84: 98.8975 | J84: 41144 | K84: =I84*J84 -> 4069038.7 | M84: =+IF(I84<S84,S84-I84,0) -> 124.644 | N84: =+IF(I84>S84,-S84+I84,0) -> 0 | O84: =+M84*J84 -> 5128352.7 | P84: =+N84*J84 -> 0 | Q84: =+O84-P84 -> 5128352.7 | S84: =+'MEMORIAS DE CANTIDADES'!L1441 -> 223.5415 | T84: =+J84 -> 41144 | U84: =+S84*T84 -> 9197391.5
C85: 6.5 | G85: CONCRETO VIGAS CIMIENTOS, ZAPATAS Y AMARRES: (incluye suministro e instalación, Concreto 4000 PSI). | H85: m3 | I85: 133.845 | J85: 1082757 | K85: =I85*J85 -> 1.4492161e+08 | M85: =+IF(I85<S85,S85-I85,0) -> 0 | N85: =+IF(I85>S85,-S85+I85,0) -> 133.845 | O85: =+M85*J85 -> 0 | P85: =+N85*J85 -> 1.4492161e+08 | Q85: =+O85-P85 -> -1.4492161e+08 | S85: 0 | T85: =+J85 -> 1082757 | U85: =+S85*T85 -> 0
C86: 6.6 | G86: Suministro y levante MURO DE BLOCK No6 HUECO abujardado con mortero 1:4. | H86: m2 | I86: 598.1472 | J86: 170104 | K86: =I86*J86 -> 1.0174723e+08 | M86: =+IF(I86<S86,S86-I86,0) -> 406.8792 | N86: =+IF(I86>S86,-S86+I86,0) -> 0 | O86: =+M86*J86 -> 69211779 | P86: =+N86*J86 -> 0 | Q86: =+O86-P86 -> 69211779 | S86: =+'MEMORIAS DE CANTIDADES'!L1482 -> 1005.0264 | T86: =+J86 -> 170104 | U86: =+S86*T86 -> 1.7095901e+08
C87: 6.7 | G87: Suministro y levante MURO DE BLOCK No8 HUECO con mortero 1:4. | H87: m2 | I87: 312.42 | J87: 113273 | K87: =I87*J87 -> 35388751 | M87: =+IF(I87<S87,S87-I87,0) -> 16.4 | N87: =+IF(I87>S87,-S87+I87,0) -> 0 | O87: =+M87*J87 -> 1857677.2 | P87: =+N87*J87 -> 0 | Q87: =+O87-P87 -> 1857677.2 | S87: =+'MEMORIAS DE CANTIDADES'!L1501 -> 328.82 | T87: =+J87 -> 113273 | U87: =+S87*T87 -> 37246428
C88: 6.8 | G88: COLUMNAS DE CONCRETO A LA VISTA: Concreto de 4000 PSI (incluye suministro, formaletería e instalación). | H88: m3 | I88: 16.781 | J88: 1547998 | K88: =I88*J88 -> 25976954 | M88: =+IF(I88<S88,S88-I88,0) -> 7.721 | N88: =+IF(I88>S88,-S88+I88,0) -> 0 | O88: =+M88*J88 -> 11952093 | P88: =+N88*J88 -> 0 | Q88: =+O88-P88 -> 11952093 | S88: =+'MEMORIAS DE CANTIDADES'!L1514 -> 24.502 | T88: =+J88 -> 1547998 | U88: =+S88*T88 -> 37929047
C89: 6.9 | G89: CONCRETO VIGA DE CONFIANAMIENTO 4000 PSI, (Incluye suministro, formalete ría e instalación). | H89: m3 | I89: 40.92 | J89: 1302115 | K89: =I89*J89 -> 53282546 | M89: =+IF(I89<S89,S89-I89,0) -> 31.01 | N89: =+IF(I89>S89,-S89+I89,0) -> 0 | O89: =+M89*J89 -> 40378586 | P89: =+N89*J89 -> 0 | Q89: =+O89-P89 -> 40378586 | S89: =+'MEMORIAS DE CANTIDADES'!L1535 -> 71.93 | T89: =+J89 -> 1302115 | U89: =+S89*T89 -> 93661132
C90: 6.1 | G90: Muro en tubería galvanizada de 2.5" e: 2.5 mm h=3.0 m serapados cada 15 cm y empotrado 50cm, incluye pintura epoxica poliamida tipo 1. | H90: ml | I90: 381 | J90: 609602 | K90: =I90*J90 -> 232258362 | M90: =+IF(I90<S90,S90-I90,0) -> 0 | N90: =+IF(I90>S90,-S90+I90,0) -> 381 | O90: =+M90*J90 -> 0 | P90: =+N90*J90 -> 232258362 | Q90: =+O90-P90 -> -232258362 | S90: 0 | T90: =+J90 -> 609602 | U90: =+S90*T90 -> 0
C91: 6.11 | G91: CERRAMIENTO EN PANELES GALVANIZADO: Panel reja contemporáneo de acero de 2.4 m de alto por 2.5 de Ancho con un doble alambre vertical calibre 656 y un alambre horizontal calibre 6 y un alambre horizontal calibre, abertura 50 mm x 200mm.Tubo calibre 16 de 3" x 3" con tapa en polipropileno Y Abrazadera metálica de acero 3" x 3" con tornillo cabeza de coche en acero inoxidable, perno en acero inoxidable y tuerca de seguridad en acero inoxidable. | H91: m2 | I91: 1139.2 | J91: 452099 | K91: =I91*J91 -> 5.1503118e+08 | M91: =+IF(I91<S91,S91-I91,0) -> 1084.8 | N91: =+IF(I91>S91,-S91+I91,0) -> 0 | O91: =+M91*J91 -> 4.90437e+08 | P91: =+N91*J91 -> 0 | Q91: =+O91-P91 -> 4.90437e+08 | S91: =+'MEMORIAS DE CANTIDADES'!L1566 -> 2224 | T91: =+J91 -> 452099 | U91: =+S91*T91 -> 1005468176
C92: 6.12 | G92: Pañete en mortero 1:3 para muros y paredes (incluye suministro) | H92: m2 | I92: 381 | J92: 41627 | K92: =I92*J92 -> 15859887 | M92: =+IF(I92<S92,S92-I92,0) -> 1933.448 | N92: =+IF(I92>S92,-S92+I92,0) -> 0 | O92: =+M92*J92 -> 80483640 | P92: =+N92*J92 -> 0 | Q92: =+O92-P92 -> 80483640 | S92: =+'MEMORIAS DE CANTIDADES'!L1583 -> 2314.448 | T92: =+J92 -> 41627 | U92: =+S92*T92 -> 96343527
C93: 6.13 | G93: Pintura en Vinilo tipo Koraza o similar para exterior, dos manos. Incluye suministro. | H93: m2 | I93: 2302.8 | J93: 16965 | K93: =I93*J93 -> 39067002 | M93: =+IF(I93<S93,S93-I93,0) -> 0 | N93: =+IF(I93>S93,-S93+I93,0) -> 353.92 | O93: =+M93*J93 -> 0 | P93: =+N93*J93 -> 6004252.8 | Q93: =+O93-P93 -> -6004252.8 | S93: =+'MEMORIAS DE CANTIDADES'!L1600 -> 1948.88 | T93: =+J93 -> 16965 | U93: =+S93*T93 -> 33062749
C94: 6.14 | G94: Cerramiento en malla eslabonada tipo ciclón cal9 ojo 2x2" enmarcados en tubería hg 2" cal 2,5mm, con viga superior hg 2" cal 2,5mm, h>=1,5m según planos de diseño. | H94: m2 | I94: 42 | J94: 231275 | K94: =I94*J94 -> 9713550 | M94: =+IF(I94<S94,S94-I94,0) -> 7 | N94: =+IF(I94>S94,-S94+I94,0) -> 0 | O94: =+M94*J94 -> 1618925 | P94: =+N94*J94 -> 0 | Q94: =+O94-P94 -> 1618925 | S94: =7*3.5*2 -> 49 | T94: =+J94 -> 231275 | U94: =+S94*T94 -> 11332475
C95: Subtotal | K95: =SUM(K81:K94) -> 1.2889301e+09 | O95: =SUM(O81:O94) -> 8.5660838e+08 | P95: =SUM(P81:P94) -> 3.8318423e+08 | Q95: =SUM(Q81:Q94) -> 4.7342415e+08 | U95: =SUM(U81:U94) -> 1.7623543e+09
C96: 7,0 CUBIERTAS, MANTOS IMPERMEABILIZADOS
C97: 7.1 | G97: Cubierta en lamina tipo Sándwich con aislante en poliuretano PUR expandido de alta densidad espesor 30mm, Incluye kit de fijación para cubierta, accesorio de aceros D305 - DC10 e instalación de la lamina. | H97: m2 | I97: 2789.4748 | J97: 328602 | K97: =I97*J97 -> 9.16627e+08 | M97: =+IF(I97<S97,S97-I97,0) -> 0 | N97: =+IF(I97>S97,-S97+I97,0) -> 1179.36 | O97: =+M97*J97 -> 0 | P97: =+N97*J97 -> 3.8754005e+08 | Q97: =+O97-P97 -> -3.8754005e+08 | S97: =+'MEMORIAS DE CANTIDADES'!L1619 -> 1610.1148 | T97: =+J97 -> 328602 | U97: =+S97*T97 -> 5.2908694e+08
C98: 7.2 | G98: Cubiertas metálica con estructura tubular y paneles de policarbonato alveolar traslucido gris ahumado para Banca suplentes | H98: m2 | I98: 26 | J98: 165772 | K98: =I98*J98 -> 4310072 | M98: =+IF(I98<S98,S98-I98,0) -> 0 | N98: =+IF(I98>S98,-S98+I98,0) -> 0 | O98: =+M98*J98 -> 0 | P98: =+N98*J98 -> 0 | Q98: =+O98-P98 -> 0 | S98: =+'MEMORIAS DE CANTIDADES'!L1632 -> 26 | T98: =+J98 -> 165772 | U98: =+S98*T98 -> 4310072
C99: 7.3 | G99: Impermeabilización de cubierta plana con manto edil 3mm con foil de aluminio (incluye suministro e instalación) | H99: m2 | I99: 1127.75 | J99: 74227 | K99: =I99*J99 -> 83709499 | M99: =+IF(I99<S99,S99-I99,0) -> 0 | N99: =+IF(I99>S99,-S99+I99,0) -> 454.15 | O99: =+M99*J99 -> 0 | P99: =+N99*J99 -> 33710192 | Q99: =+O99-P99 -> -33710192 | S99: =+'MEMORIAS DE CANTIDADES'!L1644 -> 673.6 | T99: =+J99 -> 74227 | U99: =+S99*T99 -> 49999307
C100: Subtotal | K100: =SUM(K97:K99) -> 1.0046466e+09 | O100: =SUM(O97:O99) -> 0 | P100: =SUM(P97:P99) -> 4.2125025e+08 | Q100: =SUM(Q97:Q99) -> -4.2125025e+08 | U100: =SUM(U97:U99) -> 5.8339632e+08
C101: 8,0 RED DE AGUA POTABLE, SANITARIA Y RESIDUALES
C102: 8.1 | G102: Localización y replanteo topográfico | H102: ml | I102: 2775.2 | J102: 2898 | K102: =I102*J102 -> 8042529.6 | M102: =+IF(I102<S102,S102-I102,0) -> 0 | N102: =+IF(I102>S102,-S102+I102,0) -> 0 | O102: =+M102*J102 -> 0 | P102: =+N102*J102 -> 0 | Q102: =+O102-P102 -> 0 | S102: 2775.2 | T102: =+J102 -> 2898 | U102: =+S102*T102 -> 8042529.6
C103: 8.2 | G103: Excavaciones: excavación manual, (incluye cargue, transporte y disposición final) | H103: m3 | I103: 1062.38 | J103: 83705 | K103: =I103*J103 -> 88926518 | M103: =+IF(I103<S103,S103-I103,0) -> 324 | N103: =+IF(I103>S103,-S103+I103,0) -> 0 | O103: =+M103*J103 -> 27120420 | P103: =+N103*J103 -> 0 | Q103: =+O103-P103 -> 27120420 | S103: =1062.38+288+36 -> 1386.38 | T103: =+J103 -> 83705 | U103: =+S103*T103 -> 1.1604694e+08
C104: 8.3 | G104: Relleno en arena, (incluye suministro e instalación). | H104: m3 | I104: 257.14 | J104: 124019 | K104: =I104*J104 -> 31890246 | M104: =+IF(I104<S104,S104-I104,0) -> 68 | N104: =+IF(I104>S104,-S104+I104,0) -> 0 | O104: =+M104*J104 -> 8433292 | P104: =+N104*J104 -> 0 | Q104: =+O104-P104 -> 8433292 | S104: =257.14+68 -> 325.14 | T104: =+J104 -> 124019 | U104: =+S104*T104 -> 40323538
C105: 8.4 | G105: Relleno en material seleccionado del sitio. | H105: m3 | I105: 257.3 | J105: 24249 | K105: =I105*J105 -> 6239267.7 | M105: =+IF(I105<S105,S105-I105,0) -> 32 | N105: =+IF(I105>S105,-S105+I105,0) -> 0 | O105: =+M105*J105 -> 775968 | P105: =+N105*J105 -> 0 | Q105: =+O105-P105 -> 775968 | S105: =257.3+32 -> 289.3 | T105: =+J105 -> 24249 | U105: =+S105*T105 -> 7015235.7
C106: 8.5 | G106: Suministro e instalación tubería pvc-sanitaria de 2" | H106: ml | I106: 248 | J106: 25020 | K106: =I106*J106 -> 6204960 | M106: =+IF(I106<S106,S106-I106,0) -> 76 | N106: =+IF(I106>S106,-S106+I106,0) -> 0 | O106: =+M106*J106 -> 1901520 | P106: =+N106*J106 -> 0 | Q106: =+O106-P106 -> 1901520 | S106: 324 | T106: =+J106 -> 25020 | U106: =+S106*T106 -> 8106480
C107: 8.6 | G107: Suministro e instalación tubería pvc-sanitaria de 4" | H107: ml | I107: 256.9 | J107: 48983 | K107: =I107*J107 -> 12583733 | M107: =+IF(I107<S107,S107-I107,0) -> 69.1 | N107: =+IF(I107>S107,-S107+I107,0) -> 0 | O107: =+M107*J107 -> 3384725.3 | P107: =+N107*J107 -> 0 | Q107: =+O107-P107 -> 3384725.3 | S107: 326 | T107: =+J107 -> 48983 | U107: =+S107*T107 -> 15968458
C108: 8.7 | G108: Suministro e instalación tubería pvc-sanitaria de 6" | H108: ml | I108: 478.2 | J108: 61091 | K108: =I108*J108 -> 29213716 | M108: =+IF(I108<S108,S108-I108,0) -> 200 | N108: =+IF(I108>S108,-S108+I108,0) -> 0 | O108: =+M108*J108 -> 12218200 | P108: =+N108*J108 -> 0 | Q108: =+O108-P108 -> 12218200 | S108: =478.2+200 -> 678.2 | T108: =+J108 -> 61091 | U108: =+S108*T108 -> 41431916
C109: 8.8 | G109: Suministro e instalación tubería de ventilación pvc-s de 2" | H109: ml | I109: 138 | J109: 29285 | K109: =I109*J109 -> 4041330 | M109: =+IF(I109<S109,S109-I109,0) -> 49 | N109: =+IF(I109>S109,-S109+I109,0) -> 0 | O109: =+M109*J109 -> 1434965 | P109: =+N109*J109 -> 0 | Q109: =+O109-P109 -> 1434965 | S109: 187 | T109: =+J109 -> 29285 | U109: =+S109*T109 -> 5476295
C110: 8.9 | G110: Suministro e instalación codo sanitario pvc-s 45° de 2" | H110: Und | I110: 165 | J110: 22262 | K110: =I110*J110 -> 3673230 | M110: =+IF(I110<S110,S110-I110,0) -> 0 | N110: =+IF(I110>S110,-S110+I110,0) -> 0 | O110: =+M110*J110 -> 0 | P110: =+N110*J110 -> 0 | Q110: =+O110-P110 -> 0 | S110: 165 | T110: =+J110 -> 22262 | U110: =+S110*T110 -> 3673230
C111: 8.1 | G111: Suministro e instalación codo sanitario pvc-s 90° de 2" | H111: Und | I111: 182 | J111: 18070 | K111: =I111*J111 -> 3288740 | M111: =+IF(I111<S111,S111-I111,0) -> 0 | N111: =+IF(I111>S111,-S111+I111,0) -> 0 | O111: =+M111*J111 -> 0 | P111: =+N111*J111 -> 0 | Q111: =+O111-P111 -> 0 | S111: 182 | T111: =+J111 -> 18070 | U111: =+S111*T111 -> 3288740
...
